 Dungeon Crawl Stone Soup version 0.30.1-4-g462c640d31 (webtiles) character file.

Game seed: 9986855433870499610

35 hawla the Firebug (level 3, 0/26 HPs)
             Began as a Meteoran Fire Elementalist on Aug 22, 2023.
             Slain by a gnoll
             ... wielding a +0 halberd
              (15 damage)
             ... on level 4 of the Dungeon.
             The game lasted 00:01:43 (392 turns).

hawla the Firebug (Meteoran Fire Elementalist)       Turns: 392, Time: 00:01:44

Health: 0/26       AC:  3    Str: 10    XL:     3   Next: 76%
Magic:  8/8        EV: 13    Int: 18    God:
Gold:   19         SH:  0    Dex: 14    Spells: 5/8 levels left

rFire   . . .        d - +1 dagger (venom)
rCold   . . .        (no shield)
rNeg    . . .        a - +0 robe
rPois   .            (no helmet)
rElec   .            (no cloak)
rCorr   .            (no gloves)
SInv    .            e - +0 pair of boots
Will    .....        (no amulet)
Stlth   +            (no ring)
HPRegen 0.24/turn    (no ring)
MPRegen 0.11/turn

%: no passive effects
@: glowing
A: sense surroundings 1, otherworldly, glowing, explore regen
a: no special abilities


You were on level 4 of the Dungeon.
You visited 1 branch of the dungeon, and saw 4 of its levels.

You collected 19 gold pieces.

Inventory:

Hand Weapons
 d - a +1 dagger of venom (weapon)
Armour
 a - a +0 robe (worn)
 e - a +0 pair of boots (worn)
Potions
 b - a potion of magic
 c - a potion of brilliance
 f - a potion of experience {unknown}


   Skills:
 + Level 3.1 Dodging
 - Level 1.4 Stealth
 + Level 3.2 Spellcasting
 + Level 1.2 Conjurations
 + Level 4.5 Fire Magic


You had 5 spell levels left.
You knew the following spells:

 Your Spells              Type           Power      Damage    Failure   Level
a - Foxfire               Conj/Fire      52%        2x1d6     4%          1
b - Scorch                Fire           38%        2d7       3%          2

Your spell library contained the following spells:

 Spells                   Type           Power      Damage    Failure   Level
 Apportation              Tloc           4%         N/A       16%         1
 Necrotise                Necr           8%         1d4       16%         1
 Summon Small Mammal      Summ           8%         N/A       16%         1
 Inner Flame              Hex/Fire       11%        N/A       19%         3
 Volatile Blastmotes      Fire/Tloc      22%        2d11      19%         3
 Flame Wave               Conj/Fire      13%        2d6       43%         4


Dungeon Overview and Level Annotations

Branches:
Dungeon (4/15) Zot: 2008
 Temple: D:4-7

Altars:


Innate Abilities, Weirdness & Mutations

You passively map a small area around you.
You are easily found by Zot.
You glow in the dark.
You regain HP and MP as you explore.


Message History

You hit the orc.
The orc is poisoned.
The orc is moderately wounded.
The orc hits you but does no damage.
You hit the orc but do no damage.
The orc looks even sicker.
The orc is moderately wounded.
You hit the orc.
The orc looks as sick as possible!
The orc is almost dead.
You kill the orc!
You hit the orc but do no damage.
The orc is poisoned.
The orc barely misses you.
You hit the orc.
The orc looks as sick as possible!
The orc is severely wounded.
The orc closely misses you.
You hit the orc but do no damage.
The orc looks as sick as possible!
The orc is almost dead.
You kill the orc!
No target in view!
No target in view!
Unknown command.
Your butterfly disappears in a burst of colours!
You pick up a book of Cantrips and begin reading...
You add the spells Necrotise, Summon Small Mammal and Apportation to your library.
Okay, then.
Your butterfly disappears in a burst of colours!
Your butterfly disappears in a burst of colours!
A gnoll comes into view. It is wielding a +0 club.
Your butterfly disappears in a burst of colours!
A gnoll comes into view. It is wielding a +0 spear.
Found 4 stones.
The gnoll shouts!
You hear a shout! x3
A gnoll comes into view. It is wielding a +0 halberd.
A kobold comes into view. It is wielding a +0 club.
You barely miss the gnoll.
The gnoll hits you from afar with a +0 spear.
The gnoll hits you with a +0 club.
You closely miss the gnoll.
The gnoll hits you from afar with a +0 spear.
The gnoll hits you from afar with a +0 halberd!
Ouch! That really hurt!
You die...

....b..b...... *
#.bbb....## , *
####b..b..## *, .
###.....# .. ,
####..### ,,...
##.)..bb## , ....
##.b.)...b## .....
#...b....#b##g(....
,
*#..b..b.b##@.g...K.
#....b.....#g.#.....
#...b..b...#..# ...
##..b......##.# .,
#....b....# .# * ,
,, ##......... .# *
, , , ###.....###..
, ####### .. * *


You could see 3 gnolls and a kobold.

Vanquished Creatures
  An adder (D:3)
  2 orcs (D:4)
  6 ball pythons
  A bat (D:1)
  3 endoplasms (D:1)
  3 goblins
  A hobgoblin (D:1)
  A quokka (D:2)
  A frilled lizard (D:1)
  3 kobolds
  A rat (D:3)
23 creatures vanquished.

Vanquished Creatures (others)
  24 foxfires
24 creatures vanquished.

Grand Total: 47 creatures vanquished

Notes
Turn   | Place    | Note
-------+----------+-------------------------------------------
     0 | D:1      | hawla the Meteoran Fire Elementalist began the quest for
                  | the Orb.
     0 | D:1      | Reached XP level 1. HP: 14/14 MP: 5/5
    47 | D:1      | Reached XP level 2. HP: 20/20 MP: 3/6
    49 | D:1      | Reached skill level 4 in Fire Magic
   196 | D:1      | Reached XP level 3. HP: 26/26 MP: 8/8
   302 | D:2      | Learned a level 2 spell: Scorch
   392 | D:4      | Slain by a gnoll

Illustrated notes

Levels and vault maps discovered:
D:1:      minmay_arrival_cross, layout_basic
D:2:      layout_basic, hellmonk_ecumenical_altar_run_dry, uniq_jessica
D:3:      lemuel_castle_with_subvaults [lemuel_castle_interior_carwin_3],
          layout_rooms, chei_slow_surprise, gammafunk_temple_overflow_statue
D:4:      layout_cave_pods

Skill      XL: |  1  2  3 |
---------------+----------+-----
Fire Magic     | 4 |  4.5
Spellcasting   | 3 |  3.2
Dodging        | 3 |  3.1
Stealth        | |  1.4
Conjurations   | |  1.2

Action                     || total
---------------------------++-------
  Melee: Dagger            ||    24
         Unarmed           ||     1
         Punch             ||     1
   Cast: Foxfire           ||    16
         Scorch            ||     1
    Use: Scroll            ||     2
 Armour: Robe              ||     2
  Dodge: Dodged            ||    14
